 Dungeon Crawl Stone Soup version 0.28-a0-1227-ga9037bb4c8 (webtiles) character file.

Game seed: 3944213423632136772

165 Garessta the Insei (level 5, -1/35 HPs)
             Began as an Octopode Transmuter on Dec 22, 2021.
             Killed from afar by an orc wizard (4 damage)
             ... with a magic dart
             ... on level 3 of the Dungeon.
             The game lasted 00:06:15 (2716 turns).

Garessta the Insei (Octopode Transmuter)            Turns: 2716, Time: 00:06:16

Health: -1/35      AC:  1    Str: 11    XL:     5   Next: 46%
Magic:  0/8        EV: 13    Int: 15    God:
Gold:   51         SH:  0    Dex: 13    Spells: 2/8 levels left

rFire   . . .      SeeInvis .     - Unarmed
rCold   . . .      Faith    .   (no shield)
rNeg    . . .      Spirit   +   (helmet restricted)
rPois   .          Reflect  .   k - amulet of guardian spirit
rElec   .          Harm     .   m - ring of flight
rCorr   .          Rampage  .   (no ring)
Will    .....                   (no ring)
Stlth   ++........              (no ring)
HPRegen 0.11/turn               (no ring)
MPRegen 0.11/turn               (no ring)
                                (no ring)
                                (no ring)

@: wereblooded, flying
A: almost no armour, amphibious, 8 rings, camouflage 1, gelatinous body 1,
(nimble swimmer 1), tentacles
a: no special abilities


You were on level 3 of the Dungeon.
You visited 1 branch of the dungeon, and saw 3 of its levels.

You collected 51 gold pieces.

Inventory:

Jewellery
 k - an amulet of guardian spirit (around mantle)
 m - a ring of flight (left tentacle)
Scrolls
 b - a scroll of silence {unknown}
 e - 4 scrolls of teleportation {unknown}
 g - a scroll of immolation {unknown}
 j - a scroll of identify {unknown}
 l - a scroll of enchant weapon {unknown}
Potions
 a - 2 potions of mutation {unknown}
 c - 2 potions of brilliance {unknown}
 d - a potion of haste {unknown}
 f - a potion of lignification {unknown}
 h - 2 potions of heal wounds {unknown}
 i - a potion of attraction {unknown}


   Skills:
 + Level 2.6 Fighting
 - Level 2.0 Dodging
 * Level 4.7 Unarmed Combat
 - Level 2.0 Spellcasting
 + Level 3.1 Transmutations


You had 2 spell levels left.
You knew the following spells:

 Your Spells              Type           Power      Damage    Failure   Level
a - Beastly Appendage     Tmut           22%        N/A       6%          1
b - Wereblood             Tmut           11%        N/A       9%          2
c - Spider Form           Tmut/Pois      6%         N/A       34%         3

Your spell library contained the following spells:

 Spells                   Type           Power      Damage    Failure   Level
 Ice Form                 Ice/Tmut       6%         N/A       75%         4


Dungeon Overview and Level Annotations

Branches:
Dungeon (3/15)

Altars:


Innate Abilities, Weirdness & Mutations

You cannot wear most types of armour.
You are amphibious.
You can wear up to eight rings at the same time.
Your skin changes colour to match your surroundings (Stealth+).
Your rubbery body absorbs attacks. (AC +1, EV +1)
((You are camouflaged when in or above water. (Stealth+)))
You have tentacles for arms and can constrict up to eight enemies at once.


Message History

The orc priest is severely wounded.
Your transformation is almost over.
You constrict the orc priest.
The orc priest hits you with a +0 dagger.
The orc hits you with a +0 mace of holy wrath.
You barely miss the orc priest.
You pierce the orc priest, but do no damage.
The orc priest is almost dead.
You constrict the orc priest.
You feel a bit better.
You kill the orc priest!
The orc hits you with a +0 mace of holy wrath!
You tentacle-slap the orc. You grab the orc.
You pierce the orc.
The orc is almost dead.
You constrict the orc, but do no damage.
The orc hits you with a +0 club.
* * * LOW HITPOINT WARNING * * *
You bludgeon the orc!
You feel a bit better.
You kill the orc!
You howl as the wereblood boils in your veins!
You tentacle-slap something. Something hits you.
You tentacle-slap something. Your squeeze misses something.
You howl as the wereblood boils in your veins!
Something hits you.
* * * LOW HITPOINT WARNING * * *
You miss something.
You howl as the wereblood boils in your veins!
Something hits you.
* * * LOW HITPOINT WARNING * * *
You tentacle-slap something but do no damage.
You pierce something.
Your squeeze misses something.
You howl as the wereblood boils in your veins!
Your tentacle spike disappears.
Something hits you.
* * * LOW HITPOINT WARNING * * *
A worm comes into view.
You closely miss something.
You hear some strange, mumbled words.
A magic dart appears from out of thin air!
The magic dart hits you.
You die...

### ..# #..#
#.# ##...###.#
. ...##.# .
#.#..##@# oo
#.#.>##{###.ยง.
#......o)......
###............
###.##.........
#......####....
####.#.##.#
w... ...
..##...##.# ..#
..# #.##..###.#
.#


You could see a worm and an orc.

Vanquished Creatures
  An orc priest (D:3)
  An orc wizard (D:3)
  Robin (D:2)
  An adder (D:2)
  3 dart slugs (D:1)
  4 orcs (D:3)
  3 ball pythons
  5 endoplasms
  4 giant cockroaches
  11 goblins
  12 hobgoblins
  8 jackals
  9 kobolds
  A quokka (D:2)
  2 bats (D:1)
  5 rats
71 creatures vanquished.

Notes
Turn   | Place    | Note
-------+----------+-------------------------------------------
     0 | D:1      | Garessta the Octopode Transmuter began the quest for the
                  | Orb.
     0 | D:1      | Reached XP level 1. HP: 13/13 MP: 3/3
   187 | D:1      | Reached XP level 2. HP: 4/18 MP: 3/5
  1019 | D:1      | Reached XP level 3. HP: 23/23 MP: 4/6
  1022 | D:1      | Learned a level 2 spell: Wereblood
  1026 | D:1      | Learned a level 3 spell: Spider Form
  1730 | D:2      | Found a faded altar of an unknown god.
  1840 | D:2      | Noticed Robin
  1867 | D:2      | Reached skill level 4 in Unarmed Combat
  1867 | D:2      | Reached XP level 4. HP: 26/29 MP: 4/7
  1869 | D:2      | Killed Robin
  2589 | D:3      | Reached XP level 5. HP: 34/35 MP: 4/8
  2716 | D:3      | Killed from afar by an orc wizard

Illustrated notes

Levels and vault maps discovered:
D:1:      dpeg_cavernosity, layout_basic, minmay_pentomino_s2
D:2:      layout_basic, nicolae_ecumenical_pavilion, uniq_robin
D:3:      layout_loops_cross, minmay_parallelograms, minivault_25

Skill      XL: |  1  2  3  4 |
---------------+-------------+-----
Unarmed Combat | 4 |  4.7
Fighting       | 2 |  2.6
Transmutations | 3 |  3.1
Dodging        | |  2.0
Spellcasting   | |  2.0

Action                   |  1- 3 |  4- 6 || total
-------------------------+-------+-------++-------
Melee: Unarmed           |    81 |    58 ||   139
       Kick              |    19 |    19 ||    38
       Constrict         |    25 |    18 ||    43
       Tentacles         |    11 |     7 ||    18
       Punch             |     1 |     1 ||     2
 Cast: Beastly Appendage |    24 |    12 ||    36
       Wereblood         |     4 |     4 ||     8
 Stab: Sleeping          |     4 |     2 ||     6
       Distracted        |       |     1 ||     1
Armor: Skin              |     4 |     2 ||     6
Dodge: Dodged            |    45 |    51 ||    96

Table legend: (Time is in decaauts)
 A = Elapsed time spent in this place.
 B = Non-inter-level travel time spent in this place.
 C = Inter-level travel time spent in this place.
 D = Time resting spent in this place.
 E = Time spent auto-exploring this place.
 F = Levels seen in this place.
 G = Mean time per level.
                   A        B        C        D        E       F      G
               +--------+--------+--------+--------+--------+-----+--------+
         Total |   2704 |   2679 |     25 |    189 |   2056 |   3 |  901.3 |
       Dungeon |   2704 |   2679 |     25 |    189 |   2056 |   3 |  901.3 |
               +--------+--------+--------+--------+--------+-----+--------+

Top non-repeatable levels by time:
     D:1: 1725 daAuts
     D:2: 668 daAuts
     D:3: 310 daAuts
